 Dungeon Crawl Stone Soup version 0.25.0-1-g7eea58d (webtiles) character file.

Game seed: 274267777632726356

14433 auberdahn the Slinger (level 12, -1/87 HPs)
             Began as a Halfling Hunter on June 25, 2020.
             Was a High Priest of Okawaru.
             Slain by an eight-headed hydra (6 damage)
             ... on level 3 of the Lair of Beasts.
             The game lasted 00:21:50 (15336 turns).

auberdahn the Slinger (Halfling Hunter)            Turns: 15336, Time: 00:21:51

Health: -1/87      AC: 14    Str: 13    XL:     12   Next: 45%
Magic:  12/19      EV: 26    Int: 13    God:    Okawaru [*****.]
Gold:   791        SH:  0    Dex: 16    Spells: 21/21 levels left

rFire    . . .     SeeInvis .   b - +2 hunting sling (freeze)
rCold    . . .     Gourm    .   (shield restricted)
rNeg     . . .     Faith    .   c - +1 leather armour
rPois    .         Spirit   .   K - +0 helmet
rElec    .         Reflect  .   r - +2 cloak
rCorr    .         Harm     .   (no gloves)
MR       .....                  (no boots)
Stlth    +++.......             (no amulet)
HPRegen  0.24/turn              y - +4 ring of slaying
MPRegen  0.16/turn              w - +4 ring of protection (curse)

@: heroism, finesse
A: small, mutation resistance 1
a: Heroism, Finesse, Renounce Religion


You were on level 3 of the Lair of Beasts.
You worshipped Okawaru.
Okawaru was extremely pleased with you.
You were not hungry.

You visited 3 branches of the dungeon, and saw 15 of its levels.
You also visited: Sewer.

You collected 791 gold pieces.

Inventory:

Hand Weapons
 a - a +2 hunting sling
 b - a +2 hunting sling of freezing (weapon)
 t - a +0 short sword
 H - the +2 rapier "Werr" {vorpal, rC+ SInv, unknown}
   (You found it on level 2 of the Lair of Beasts)

   It inflicts extra damage upon your enemies.
   It protects you from cold.
   It lets you see invisible.
Missiles
 d - 238 sling bullets (quivered)
 e - 249 stones
Armour
 c - a +1 leather armour (worn)
 r - a +2 cloak (worn)
 I - a scarf of resistance
 K - a +0 helmet (worn)
Jewellery
 s - an uncursed ring of fire
 w - a cursed +4 ring of protection (right hand)
 y - a +4 ring of slaying (left hand)
Wands
 x - a wand of enslavement (9)
 z - a wand of iceblast (8)
 A - a wand of flame (39)
 D - a wand of disintegration (30)
 G - a wand of acid (5)
 N - a wand of paralysis (11)
Scrolls
 h - 3 scrolls of identify {@r1}
 i - 2 scrolls of enchant armour
 j - a scroll of immolation {!r}
 n - 2 scrolls of magic mapping
 p - 3 scrolls of remove curse {@r2}
 q - 5 scrolls of fog
 C - 6 scrolls of teleportation {@r4}
 F - a scroll of enchant weapon
 L - 2 scrolls of noise {unknown}
Potions
 g - 3 potions of curing {@q1}
 k - 2 potions of invisibility
 l - 8 potions of heal wounds {@q2}
 m - 2 potions of brilliance
 o - 5 potions of stabbing
 u - a potion of berserk rage
 v - 4 potions of might
 B - a potion of magic
 E - 3 potions of mutation {!q}
Miscellaneous
 J - a lightning rod (4/4) {!a}
Comestibles
 f - 8 rations {!d}
 M - 11 chunks of flesh


   Skills:
 + Level 10.1(15.1) Fighting
 + Level 12.3(17.3) Slings
 - Level 5.0(10.0) Armour
 + Level 10.2(15.2) Dodging
 - Level 1.1(6.1) Stealth
 - Level 5.0 Spellcasting
 - Level 5.0 Invocations
 - Level 5.0 Evocations


You had 21 spell levels left.
You didn't know any spells.
Your spell library contained the following spells:

 Spells                   Type           Power        Failure   Level  Hunger
 Animate Skeleton         Necr           N/A          22%         1    None
 Apportation              Tloc           #.....       22%         1    None
 Corona                   Hex            #......      22%         1    None
 Foxfire                  Conj/Fire      #...         22%         1    None
 Freeze                   Ice            #...         22%         1    None
 Magic Dart               Conj           #...         22%         1    None
 Sting                    Tmut/Pois      #...         22%         1    None
 Summon Small Mammal      Summ           #...         22%         1    None
 Poisonous Vapours        Pois/Air       #.....       32%         2    ##.....
 Searing Ray              Conj           #.....       32%         2    ##.....
 Conjure Flame            Conj/Fire      #.......     54%         3    ###....
 Dazzling Flash           Conj/Hex       #.....       54%         3    ###....
 Frozen Ramparts          Ice            #.....       54%         3    ###....
 Ignite Poison            Fire/Tmut/Pois #.......     54%         3    ###....
 Inner Flame              Hex/Fire       #.......     54%         3    ###....
 Mephitic Cloud           Conj/Pois/Air  #.......     54%         3    ###....
 Ozocubu's Armour         Chrm/Ice       #.......     54%         3    ###....
 Fulminant Prism          Conj/Hex       #.........   91%         4    ####...
 Hailstorm                Conj/Ice       #.......     91%         4    ####...
 Iskenderun's Mystic Bla  Conj/Tloc      #.......     91%         4    ####...
 Olgreb's Toxic Radiance  Pois           #.......     91%         4    ####...
 Sticky Flame             Conj/Fire      #.......     91%         4    ####...
 Summon Ice Beast         Ice/Summ       #.......     91%         4    ####...
 Fireball                 Conj/Fire      #.........   99%         5    ######.


Dungeon Overview and Level Annotations

Branches:
Dungeon (11/15)            Temple (1/1) D:6            Lair (3/6) D:8
  Sewer (visited)
  Swamp: Lair:2-4    Shoals: Lair:2-4     Snake: Lair:2-4    Spider: Lair:2-4
    Orc: D:9-12

Altars:
Cheibriados
Fedhas
Makhleb
Okawaru
Qazlal
Trog
Vehumet
Wu Jian
Xom
The Shining One

Shops:
D:8 =

Annotations:
D:9 1 runed translucent door, Tenaya's ghost, novice HOWr
Lair:3 Rupert


Innate Abilities, Weirdness & Mutations

You are small and have problems with some larger weapons.
You are somewhat resistant to further mutation.


Message History

Aim: Rupert, wielding a +2 great sword of holy wrath and wearing a +0 scale mail (severely wounded, berserk, covered in acid)
You shoot a sling bullet. The sling bullet hits Rupert!
The sling bullet freezes Rupert.
Rupert is severely wounded.
Firing (i - inventory. (/) - cycle)
d - 240 sling bullets (quivered)
Press: ? - help, Shift-Dir - straight line, f/p - Rupert
Aim: Rupert, wielding a +2 great sword of holy wrath and wearing a +0 scale mail (severely wounded, berserk, covered in acid)
You shoot a sling bullet. The sling bullet hits Rupert.
The sling bullet freezes Rupert.
Rupert is almost dead.
Rupert hits you with a +2 great sword of holy wrath!!
* * * LOW HITPOINT WARNING * * *
Firing (i - inventory. (/) - cycle)
d - 239 sling bullets (quivered)
Press: ? - help, Shift-Dir - straight line, f/p - Rupert
Aim: Rupert, wielding a +2 great sword of holy wrath and wearing a +0 scale mail (almost dead, berserk, covered in acid)
You shoot a sling bullet. The sling bullet barely misses Rupert.
The eight-headed hydra bites you but does no damage.
The eight-headed hydra completely misses you.
The eight-headed hydra bites you.
You die...

........# .........
........# ...(.....
.........# ##..
#$........#########....
..........##..#.#P.....
#....$......D..........
#.....(.....@@.........
.......................
.......................
............†.............
........#..#..............
.......#.8.##.............
......#.....######.####...
......#8.>.8# ### ..
............# .


You could see Rupert (berserk, corroded) and an eight-headed hydra.

Vanquished Creatures
  A hydra (Lair:3)
  Erica (Lair:2)
  Sonja (Lair:2)
  An oklob plant (Lair:1)
  Maurice (D:8)
  A spiny frog (Lair:3)
  A rime drake (Lair:3)
  A komodo dragon (Lair:3)
  15 blink frogs
  A hornet (D:9)
  4 hippogriffs
  Grum (D:9)
  11 yaks
  A wraith (D:10)
  A hungry ghost (D:10)
  2 basilisks
  2 water moccasins
  2 orc warriors (D:10)
  2 ice beasts (D:10)
  2 sky beasts
  2 black bears
  2 phantoms
  5 ogres
  2 wolves (D:9)
  2 centaurs (D:10)
  2 crocodiles (Lair:2)
  2 big kobolds (Sewer)
  9 bullfrogs
  2 scorpions
  12 killer bees
  6 howler monkeys
  3 crimson imps
  A bullfrog zombie (D:9)
  A hound (D:10)
  5 jellies
  A quasit (D:6)
  3 bullfrog skeletons
  A centaur skeleton (D:8)
  4 orc priests
  8 orc wizards
  11 worker ants
  A mummy (D:4)
  2 worker ant zombies
  A howler monkey zombie (D:6)
  8 adders
  8 river rats
  8 oozes (D:4)
  6 worms
  2 dart slugs
  6 leopard geckos
  34 orcs
  6 ball pythons
  3 bats
  3 giant cockroaches
  12 goblins
  5 hobgoblins
  5 jackals
  4 quokkas
  6 frilled lizards
  26 kobolds
  30 rats
  A plant (Lair:1)
313 creatures vanquished.

Vanquished Creatures (others)
  A fungus (D:4)
  6 toadstools (D:4)
7 creatures vanquished.

Grand Total: 320 creatures vanquished

Notes
Turn   | Place    | Note
-------+----------+-------------------------------------------
     0 | D:1      | auberdahn the Halfling Hunter began the quest for the Orb.
     0 | D:1      | Reached XP level 1. HP: 14/14 MP: 1/1
   158 | D:1      | Reached skill level 6 in Slings
   182 | D:1      | Reached XP level 2. HP: 19/19 MP: 2/2
   727 | D:2      | Reached XP level 3. HP: 22/24 MP: 3/3
  1307 | D:2      | Reached skill level 7 in Slings
  1423 | D:2      | Reached XP level 4. HP: 30/30 MP: 4/4
  2031 | D:3      | Reached XP level 5. HP: 22/36 MP: 5/5
  2756 | D:3      | Reached skill level 8 in Slings
  3337 | D:4      | Reached XP level 6. HP: 40/42 MP: 6/6
  3476 | D:4      | Found a snail-covered altar of Cheibriados.
  3619 | D:4      | Noticed an ogre
  3628 | D:4      | Killed an ogre
  3628 | D:4      | Reached skill level 9 in Slings
  3670 | D:4      | Noticed an ogre
  3678 | D:4      | Killed an ogre
  3678 | D:4      | Reached XP level 7. HP: 47/47 MP: 7/7
  4002 | D:4      | Reached skill level 10 in Slings
  4387 | D:5      | Entered Level 5 of the Dungeon
  4764 | D:5      | Found a blossoming altar of Fedhas.
  4912 | D:5      | Found a stormy altar of Qazlal.
  4912 | D:5      | Found a burning altar of Makhleb.
  4997 | D:5      | Found a bloodstained altar of Trog.
  5163 | D:5      | Reached skill level 11 in Slings
  5163 | D:5      | Reached XP level 8. HP: 54/54 MP: 8/8
  5291 | D:6      | Found a staircase to the Ecumenical Temple.
  5320 | Temple   | Entered the Ecumenical Temple
  5338 | Temple   | Became a worshipper of Warmaster Okawaru
  5497 | D:6      | Found a glowing drain.
  5506 | Sewer    | Entered a sewer
  5683 | Sewer    | Reached skill level 5 in Fighting
  6040 | Sewer    | Reached skill level 12 in Slings
  7241 | D:7      | Reached skill level 1 in Armour
  7241 | D:7      | Reached XP level 9. HP: 36/63 MP: 8/10
  8042 | D:7      | Reached * piety under Okawaru
  8042 | D:7      | Reached skill level 1 in Spellcasting
  8749 | D:8      | Found a staircase to the Lair.
  8815 | D:8      | Found Kutz's Jewellery Shoppe.
  8914 | D:8      | Noticed Maurice
  9512 | D:8      | Found a staircase to the Lair.
  9607 | D:8      | Found Kutz's Jewellery Shoppe.
  9750 | D:8      | Killed Maurice
  9750 | D:8      | Reached ** piety under Okawaru
 10338 | D:9      | Reached XP level 10. HP: 71/71 MP: 12/14
 10352 | D:9      | Reached skill level 5 in Dodging
 10618 | D:9      | Noticed Tenaya's ghost (novice HOWr)
 10623 | D:9      | Found a runed translucent door.
 10856 | D:9      | Reached skill level 1 in Invocations
 10856 | D:9      | Reached skill level 1 in Evocations
 11211 | D:9      | Noticed Grum
 11220 | D:9      | Reached skill level 5 in Armour
 11232 | D:9      | Killed Grum
 11391 | D:10     | Entered Level 10 of the Dungeon
 11397 | D:10     | Reached *** piety under Okawaru
 11522 | D:10     | Received a gift from Okawaru
 11770 | D:10     | Received a gift from Okawaru
 11791 | D:10     | Received a gift from Okawaru
 11799 | D:10     | Reached XP level 11. HP: 53/77 MP: 17/17
 12120 | D:10     | Reached **** piety under Okawaru
 12437 | Lair:1   | Entered Level 1 of the Lair of Beasts
 12526 | Lair:1   | Received a gift from Okawaru
 12924 | Lair:1   | Received a gift from Okawaru
 13092 | Lair:1   | Received a gift from Okawaru
 13094 | Lair:1   | Reached skill level 5 in Invocations
 13228 | Lair:1   | Noticed an oklob plant
 13473 | Lair:1   | Killed an oklob plant
 13492 | Lair:1   | Identified a scroll of acquirement
 13879 | Lair:2   | Noticed Erica
 13897 | Lair:2   | Killed Erica
 13897 | Lair:2   | Reached skill level 5 in Spellcasting
 13897 | Lair:2   | Reached skill level 5 in Evocations
 14143 | Lair:2   | Got a transparent rapier
 14319 | Lair:2   | Noticed Sonja
 14343 | Lair:2   | Killed Sonja
 14343 | Lair:2   | Received a gift from Okawaru
 14609 | Lair:2   | Reached ***** piety under Okawaru
 14609 | Lair:2   | Reached XP level 12. HP: 86/86 MP: 19/19
 14931 | Lair:3   | Noticed a four-headed hydra
 14942 | Lair:3   | Killed a four-headed hydra
 14942 | Lair:3   | Reached skill level 10 in Fighting
 15091 | Lair:3   | Received a gift from Okawaru
 15091 | Lair:3   | Reached skill level 10 in Dodging
 15316 | Lair:3   | Noticed Rupert
 15316 | Lair:3   | Noticed an eight-headed hydra
 15336 | Lair:3   | Slain by an eight-headed hydra

Illustrated notes

Levels and vault maps discovered:
D:1:      shiori_arrival_elements, layout_basic
D:2:      layout_loops_corners, first_ration
D:3:      layout_basic
D:4:      cheibrodos_fertilizer, layout_basic, minmay_stone_trees_small,
          chei_slow_surprise
D:5:      layout_loops_ring, gammafunk_temple_overflow_wave, basic_altar,
          abandoned_shop, minmay_misc_feat_roman, trog_butcher_becter
D:6:      layout_cave_pods, minmay_temple_entry_sparse_star,
          lightli_sewer_entry_pipes
D:7:      layout_basic
D:8:      minmay_skewed_foursquare, layout_basic, lair_entry_dummy,
          serial_shops, nicolae_shop_crystal, uniq_maurice
D:9:      layout_basic, hellmonk_ghost_happy_afterlife, grunt_ministairs_12,
          uniq_grum
D:10:     layout_roguey
D:11:     layout_basic, orc_0_dummy, portal_ice_cave_entry_animals_and_master,
          serial_ice, serial_ice_f, serial_ice_a, serial_ice_i, serial_ice_c
Temple:   regret_index_temple_chain_breaker
Lair:1:   layout_roguey, serial_bayou_crossing, minmay_lair_oklob_chamber
Lair:2:   layout_roguey, infiniplex_staircase_pool_2, uniq_sonja, uniq_erica
Lair:3:   layout_big_grid, grunt_megastairs_2, uniq_rupert, uniq_gastronok

Skill      XL: |  1  2  3  4  5  6  7  8  9 10 11 12 |
---------------+-------------------------------------+-----
Slings         | 6 7 8 9 11 12 | 12.3
Fighting       | 2 3 4 6 7 8 9 10 | 10.1
Armour         | 1 4 5 |  5.0
Dodging        | 4 6 8 10 | 10.2
Spellcasting   | 2 4 5 |  5.0
Invocations    | 3 5 |  5.0
Evocations     | 3 5 |  5.0
Stealth        | |  1.1

Action                   |  1- 3 |  4- 6 |  7- 9 | 10-12 || total
-------------------------+-------+-------+-------+-------++-------
Melee: Hunting sling     |       |       |     2 |       ||     2
 Fire: Hunting sling     |    92 |   190 |   632 |   622 ||  1536
Invok: Heroism           |       |       |       |     2 ||     2
       Finesse           |       |       |       |     1 ||     1
Evoke: Wand              |       |       |     1 |     3 ||     4
  Use: Scroll            |       |       |    23 |     3 ||    26
       Potion            |       |       |     4 |     3 ||     7
  Eat: Chunk             |     1 |     7 |    11 |     6 ||    25
       Ration            |       |       |     3 |     2 ||     5
Armor: Leather armour    |     2 |     8 |    21 |    38 ||    69
Dodge: Dodged            |     6 |    27 |   110 |   151 ||   294
